| TOP OF THE 1ST |
|
Managua Lagoon Monsters batting - Pitching for Panama City Capitales : RHP Peter Teixeira
|
|
Pitching: RHP Peter Teixeira
|
|
|
Batting: SHB Wallace Johnson
|
0-0: Called Strike 0-1: Ground out 5-3 (Groundball, 5L, EV 86.3 MPH)
|
|
Batting: LHB Tony Ramirez
|
0-0: Ball 1-0: DOUBLE (Line Drive, 78XD, EV 107.5 MPH)
|
|
Batting: RHB Randy Ready
|
0-0: Ball 1-0: Ball 2-0: Called Strike 2-1: Swinging Strike 2-2: Ball 3-2: Strikes out swinging
|
|
Batting: RHB Marty Castillo
|
0-0: Ball 1-0: Foul Ball, location: 2F 1-1: Foul Ball, location: 2F 1-2: Foul Ball, location: 2F 1-2: Ground out 4-3 (Groundball, 4, EV 91.9 MPH)
|
| Top of the 1st over - 0 runs, 1 hit, 0 errors, 1 left on base; Managua 0 - Panama City 0 |
| BOTTOM OF THE 1ST |
|
Panama City Capitales batting - Pitching for Managua Lagoon Monsters : RHP Bill Campbell
|
|
Pitching: RHP Bill Campbell
|
|
|
Batting: SHB Tim Raines
|
0-0: Ball 1-0: SINGLE (Line Drive, 78M, EV 91.3 MPH)
|
|
Batting: RHB David Hall
|
0-0: Ball 1-0: Called Strike 1-1: Swinging Strike 1-2: Ball 2-2: Foul Ball, location: 2F 2-2: Ball 3-2: SINGLE (Groundball, 4MD, EV 97.5 MPH) Tim Raines to second
|
|
Batting: LHB Kent Hrbek
|
0-0: Ball 1-0: DOUBLE (Line Drive, 89M, EV 107.5 MPH) Tim Raines scores David Hall to third
|
|
Batting: RHB Pedro Guerrero
|
0-0: Foul Ball, location: 2F 0-1: Called Strike 0-2: Ball 1-2: Fly out, F4 (Popup, 4M, EV 62.5 MPH)
|
|
Batting: RHB Rod Allen
|
0-0: Fly out, F8 (Flyball, 8RD, EV 80.6 MPH) Runner from 3rd tags up, OUT at HOME! 8-2
|
| Bottom of the 1st over - 1 run, 3 hits, 0 errors, 1 left on base; Managua 0 - Panama City 1 |
| TOP OF THE 2ND |
|
Managua Lagoon Monsters batting - Pitching for Panama City Capitales : RHP Peter Teixeira
|
|
Batting: LHB Steven Fortune
|
0-0: Called Strike 0-1: Ground out 4-3 (Groundball, 34, EV 88.1 MPH)
|
|
Batting: LHB Jerold Johnston
|
0-0: Ball 1-0: Ball 2-0: Called Strike 2-1: Foul Ball, location: 2F 2-2: Foul Ball, location: 2F 2-2: Hit by Pitch
|
|
Batting: LHB Miguel Negron
|
0-0: Ball 1-0: Fly out, F7 (Flyball, 7D, EV 92.5 MPH)
|
|
Batting: RHB Gene Menees
|
0-0: Ball 1-0: Fly out, F6 (Popup, 6MD, EV 65.6 MPH)
|
| Top of the 2nd over - 0 runs, 0 hits, 0 errors, 1 left on base; Managua 0 - Panama City 1 |
| BOTTOM OF THE 2ND |
|
Panama City Capitales batting - Pitching for Managua Lagoon Monsters : RHP Bill Campbell
|
|
Batting: SHB Larry Hyman
|
0-0: Fly out, F7 (Flyball, 7D, EV 95.6 MPH)
|
|
Batting: LHB Denny Porter
|
0-0: Ball 1-0: Called Strike 1-1: Foul Ball, location: 2F 1-2: Ball 2-2: Ball 3-2: Foul Ball, location: 2F 3-2: Foul Ball, location: 2F 3-2: SINGLE (Groundball, 6M, EV 88.1 MPH) (infield hit)
|
|
Batting: RHB Vic Rodriguez
|
0-0: Grounds into double play, 5-4-3 (Groundball, 5L, EV 90.0 MPH)
|
| Bottom of the 2nd over - 0 runs, 1 hit, 0 errors, 0 left on base; Managua 0 - Panama City 1 |
| TOP OF THE 3RD |
|
Managua Lagoon Monsters batting - Pitching for Panama City Capitales : RHP Peter Teixeira
|
|
Batting: RHB Mark Unsoeld
|
0-0: Foul Ball, location: 2F 0-1: Ball 1-1: Ball 2-1: Swinging Strike 2-2: Ball 3-2: Foul Ball, location: 2F 3-2: Fly out, F6 (Popup, 6D, EV 65.6 MPH)
|
|
Batting: SHB Wallace Johnson
|
0-0: Fly out, F8 (Line Drive, 8RM, EV 101.3 MPH)
|
|
Batting: LHB Tony Ramirez
|
0-0: Called Strike 0-1: Ground out 6-3 (Groundball, 6, EV 93.8 MPH)
|
| Top of the 3rd over - 0 runs, 0 hits, 0 errors, 0 left on base; Managua 0 - Panama City 1 |
| BOTTOM OF THE 3RD |
|
Panama City Capitales batting - Pitching for Managua Lagoon Monsters : RHP Bill Campbell
|
|
Batting: RHB Jim Teller
|
0-0: Ball 1-0: Ball 2-0: Ball 3-0: Base on Balls
|
|
Batting: SHB Tim Raines
|
0-0: Called Strike 0-1: Ball 1-1: Foul Ball, location: 2F 1-2: Ball 2-2: Foul Ball, location: 2F 2-2: Foul Ball, location: 2F 2-2: Fielders Choice at 2nd, 4-6 (Groundball, 34, EV 83.1 MPH)
|
|
Batting: RHB David Hall
|
0-0: SINGLE (Groundball, 6MD, EV 97.5 MPH) Tim Raines to second
|
|
Batting: LHB Kent Hrbek
|
0-0: Called Strike Tim Raines is caught stealing 3rd base 2-5 0-1: Ball 1-1: SINGLE (Line Drive, 9S, EV 105.6 MPH) David Hall to second
|
|
Batting: RHB Pedro Guerrero
|
0-0: DOUBLE (Flyball, 8RXD, EV 95.6 MPH) David Hall scores Kent Hrbek to third Runner from 3rd tries for Home, SAFE, throw by CF to home
|
|
Batting: RHB Rod Allen
|
0-0: Ball 1-0: Called Strike 1-1: Ground out 6-3 (Groundball, 6, EV 89.4 MPH)
|
| Bottom of the 3rd over - 2 runs, 3 hits, 0 errors, 1 left on base; Managua 0 - Panama City 3 |
| TOP OF THE 4TH |
|
Managua Lagoon Monsters batting - Pitching for Panama City Capitales : RHP Peter Teixeira
|
|
Batting: RHB Randy Ready
|
0-0: Ball 1-0: Fly out, F7 (Flyball, 78M, EV 86.9 MPH)
|
|
Batting: RHB Marty Castillo
|
0-0: Ball 1-0: Called Strike 1-1: Foul Ball, location: 2F 1-2: Ball 2-2: Ball 3-2: Ground out 5-3 (Groundball, 56, EV 92.5 MPH)
|
|
Batting: LHB Steven Fortune
|
0-0: DOUBLE (Line Drive, 89D, EV 110.6 MPH)
|
|
Batting: LHB Jerold Johnston
|
0-0: Swinging Strike 0-1: SINGLE (Flyball, 78S, EV 88.1 MPH) Steven Fortune to third Runner from 3rd tries for Home, SAFE, no throw by LF
|
|
Batting: LHB Miguel Negron
|
0-0: Ball 1-0: Called Strike 1-1: Foul Ball, location: 2F 1-2: Strikes out swinging
|
| Top of the 4th over - 1 run, 2 hits, 0 errors, 1 left on base; Managua 1 - Panama City 3 |
| BOTTOM OF THE 4TH |
|
Panama City Capitales batting - Pitching for Managua Lagoon Monsters : RHP Bill Campbell
|
|
Batting: SHB Larry Hyman
|
0-0: Ball 1-0: Called Strike 1-1: Ball 2-1: Ball 3-1: Bunt for hit to 25 - play at first, batter OUT! 5-3
|
|
Batting: LHB Denny Porter
|
0-0: Called Strike 0-1: Ball 1-1: Swinging Strike 1-2: Strikes out looking
|
|
Batting: RHB Vic Rodriguez
|
0-0: Ground out 1-3 (Groundball, 15S, EV 60.6 MPH)
|
| Bottom of the 4th over - 0 runs, 0 hits, 0 errors, 0 left on base; Managua 1 - Panama City 3 |
| TOP OF THE 5TH |
|
Managua Lagoon Monsters batting - Pitching for Panama City Capitales : RHP Peter Teixeira
|
|
Batting: RHB Gene Menees
|
0-0: Foul Ball, location: 2F 0-1: Ground out 3-1 (Groundball, 34, EV 107.5 MPH)
|
|
Batting: RHB Mark Unsoeld
|
0-0: Called Strike 0-1: Hit by Pitch
|
|
Batting: SHB Wallace Johnson
|
0-0: Called Strike 0-1: Swinging Strike 0-2: Ball 1-2: Foul Ball, location: 2F 1-2: Strikes out looking
|
|
Batting: LHB Tony Ramirez
|
0-0: Ball 1-0: Ball 2-0: Ball 3-0: Called Strike 3-1: Foul Ball, location: 2F 3-2: Fly out, F8 (Flyball, 89M, EV 91.3 MPH)
|
| Top of the 5th over - 0 runs, 0 hits, 0 errors, 1 left on base; Managua 1 - Panama City 3 |
| BOTTOM OF THE 5TH |
|
Panama City Capitales batting - Pitching for Managua Lagoon Monsters : RHP Bill Campbell
|
|
Batting: RHB Jim Teller
|
0-0: Ball 1-0: Foul Ball, location: 2F 1-1: Foul Ball, location: 2F 1-2: Ball 2-2: Foul Ball, location: 2F 2-2: SINGLE (Groundball, 3D, EV 96.9 MPH)
|
|
Batting: SHB Tim Raines
|
0-0: Foul Ball, location: 2F 0-1: Ball 1-1: SINGLE (Groundball, 4MD, EV 105.0 MPH) Jim Teller to second
|
|
Batting: RHB David Hall
|
0-0: Ball 1-0: Ball 2-0: Called Strike 2-1: Ball 3-1: Fly out, F9 (Flyball, 9S, EV 87.5 MPH)
|
|
Batting: LHB Kent Hrbek
|
0-0: Foul Ball, location: 2F 0-1: Ball 1-1: Ball 2-1: Called Strike 2-2: Ball 3-2: Foul Ball, location: 2F 3-2: Strikes out looking
|
|
Batting: RHB Pedro Guerrero
|
0-0: Called Strike 0-1: Ball 1-1: SINGLE (Line Drive, 56D, EV 106.9 MPH) Jim Teller to third Tim Raines to second Runner from 3rd tries for Home, SAFE, throw by LF to home
|
|
Batting: RHB Rod Allen
|
0-0: Swinging Strike 0-1: Foul Ball, location: 2F 0-2: Ball 1-2: Foul Ball, location: 2F 1-2: Foul Ball, location: 2F 1-2: Ground out 1-3 (Groundball, 13S, EV 70.6 MPH)
|
| Bottom of the 5th over - 1 run, 3 hits, 0 errors, 2 left on base; Managua 1 - Panama City 4 |
| TOP OF THE 6TH |
|
Managua Lagoon Monsters batting - Pitching for Panama City Capitales : RHP Peter Teixeira
|
|
Batting: RHB Randy Ready
|
0-0: Called Strike 0-1: Swinging Strike 0-2: Foul Ball, location: 2F 0-2: Ball 1-2: Ball 2-2: Foul Ball, location: 2F 2-2: Ball 3-2: Fly out, F9 (Flyball, 9LS, EV 83.8 MPH)
|
|
Batting: RHB Marty Castillo
|
0-0: Reached on error, E6 (Groundball, 6, EV 81.3 MPH)
|
|
Batting: LHB Steven Fortune
|
0-0: Foul Ball, location: 2F 0-1: Ball 1-1: Called Strike 1-2: Ball 2-2: Ball 3-2: Base on Balls
|
|
Batting: LHB Jerold Johnston
|
0-0: Ball 1-0: Ball 2-0: Ball 3-0: Called Strike 3-1: 3-RUN HOME RUN (Flyball, 9LD, EV 110.6 MPH), Distance : 358 ft
|
|
Batting: LHB Miguel Negron
|
0-0: Fly out, F8 (Line Drive, 8LM, EV 93.8 MPH)
|
|
Batting: RHB Gene Menees
|
0-0: Ground out 6-3 (Groundball, 6, EV 87.5 MPH)
|
| Top of the 6th over - 3 runs, 1 hit, 1 error, 0 left on base; Managua 4 - Panama City 4 |
| BOTTOM OF THE 6TH |
|
Panama City Capitales batting - Pitching for Managua Lagoon Monsters : RHP Bill Campbell
|
|
Batting: SHB Larry Hyman
|
0-0: Ball 1-0: Foul Ball, location: 2F 1-1: Ground out 6-3 (Groundball, 6M, EV 108.1 MPH)
|
|
Batting: LHB Denny Porter
|
0-0: Foul Ball, location: 2F 0-1: Ball 1-1: Foul Ball, location: 2F 1-2: Ball 2-2: Ground out 6-3 (Groundball, 6MS, EV 84.4 MPH)
|
|
Batting: RHB Vic Rodriguez
|
0-0: Called Strike 0-1: Foul Ball, location: 2F 0-2: Foul Ball, location: 2F 0-2: Strikes out looking
|
| Bottom of the 6th over - 0 runs, 0 hits, 0 errors, 0 left on base; Managua 4 - Panama City 4 |
| TOP OF THE 7TH |
|
Managua Lagoon Monsters batting - Pitching for Panama City Capitales : RHP Peter Teixeira
|
|
Batting: RHB Mark Unsoeld
|
0-0: Ball 1-0: Ball 2-0: Foul Ball, location: 2F 2-1: Ground out 5-3 (Groundball, 56S, EV 85.6 MPH)
|
|
Batting: SHB Wallace Johnson
|
0-0: Ball 1-0: Foul Ball, location: 2F 1-1: Foul Ball, location: 2F 1-2: Strikes out swinging
|
|
Batting: LHB Tony Ramirez
|
0-0: Ball 1-0: Called Strike 1-1: Swinging Strike 1-2: SINGLE (Flyball, 89S, EV 90.6 MPH)
|
|
Batting: RHB Randy Ready
|
0-0: Ball 1-0: Called Strike Tony Ramirez steals 2nd base 1-1: Ball Wild Pitch! Tony Ramirez to third 2-1: Ball 3-1: Foul Ball, location: 2F 3-2: Base on Balls
|
|
Batting: RHB Marty Castillo
|
0-0: Foul Ball, location: 2F 0-1: Ball 1-1: SINGLE (Groundball, 4D, EV 110.0 MPH) Tony Ramirez scores Randy Ready to second Runner from 2nd tries for 3rd, SAFE, throw by CF made to third
|
|
Pitching: RHP Silvio Martinez
|
|
|
Batting: LHB Steven Fortune
|
Pickoff Throw to First - Error! E1 Randy Ready scores Marty Castillo to second 0-0: Ball 1-0: Called Strike 1-1: Ball 2-1: Fly out, F8 (Flyball, 8RS, EV 88.1 MPH)
|
| Top of the 7th over - 2 runs, 2 hits, 1 error, 1 left on base; Managua 6 - Panama City 4 |
| BOTTOM OF THE 7TH |
|
Panama City Capitales batting - Pitching for Managua Lagoon Monsters : RHP Bill Campbell
|
|
Batting: RHB Jim Teller
|
0-0: Ball 1-0: Swinging Strike 1-1: Ball 2-1: Called Strike 2-2: Ball 3-2: Foul Ball, location: 2F 3-2: Ground out 4-3 (Groundball, 4, EV 107.5 MPH)
|
|
Batting: SHB Tim Raines
|
0-0: Foul Ball, location: 2F 0-1: Ground out 6-3 (Groundball, 6M, EV 100.6 MPH)
|
|
Batting: RHB David Hall
|
0-0: Ball 1-0: Called Strike 1-1: Swinging Strike 1-2: Foul Ball, location: 2F 1-2: Ball 2-2: Strikes out swinging
|
| Bottom of the 7th over - 0 runs, 0 hits, 0 errors, 0 left on base; Managua 6 - Panama City 4 |
| TOP OF THE 8TH |
|
Managua Lagoon Monsters batting - Pitching for Panama City Capitales : RHP Silvio Martinez
|
|
Batting: LHB Jerold Johnston
|
0-0: Fly out, F9 (Flyball, 9S, EV 89.4 MPH)
|
|
Batting: LHB Miguel Negron
|
0-0: Called Strike 0-1: Ground out 4-3 (Groundball, 4, EV 101.3 MPH)
|
|
Batting: RHB Gene Menees
|
0-0: Called Strike 0-1: Ball 1-1: DOUBLE (Line Drive, 7LS, EV 103.8 MPH)
|
|
Batting: RHB Mark Unsoeld
|
0-0: Ball 1-0: Foul Ball, location: 2F 1-1: Called Strike 1-2: Foul Ball, location: 2F 1-2: Strikes out swinging
|
| Top of the 8th over - 0 runs, 1 hit, 0 errors, 1 left on base; Managua 6 - Panama City 4 |
| BOTTOM OF THE 8TH |
|
Panama City Capitales batting - Pitching for Managua Lagoon Monsters : RHP Bill Campbell
|
|
Batting: LHB Kent Hrbek
|
0-0: Ball 1-0: Ball 2-0: Foul Ball, location: 2F 2-1: Ball 3-1: Foul Ball, location: 2F 3-2: Base on Balls
|
|
Batting: RHB Pedro Guerrero
|
0-0: Ball 1-0: Ball 2-0: SINGLE (Line Drive, 4MD, EV 104.4 MPH) Kent Hrbek to second
|
|
Pinch Hitting: LHB George Kaage
|
0-0: Ball 1-0: Ball 2-0: Foul Ball, location: 2F 2-1: Ball 3-1: Called Strike 3-2: Grounds into double play, 4-6-3 (Groundball, 4, EV 90.0 MPH) Kent Hrbek to third
|
|
Batting: SHB Larry Hyman
|
0-0: Ball 1-0: Swinging Strike 1-1: Foul Ball, location: 2F 1-2: DOUBLE (Line Drive, 78M, EV 110.0 MPH) Kent Hrbek scores
|
|
Pitching: RHP Julio Acevedo
|
|
|
Batting: LHB Denny Porter
|
0-0: Called Strike 0-1: SINGLE (Flyball, 9LS, EV 91.3 MPH) Larry Hyman to third Runner from 3rd tries for Home, SAFE, no throw by RF
|
|
Batting: RHB Vic Rodriguez
|
0-0: Called Strike 0-1: Ball 1-1: Ball 2-1: Ball 3-1: Base on Balls Denny Porter to second
|
|
Batting: RHB Jim Teller
|
0-0: Ball Wild Pitch! Denny Porter to third Vic Rodriguez to second 1-0: Called Strike 1-1: Hit by Pitch
|
|
Batting: SHB Tim Raines
|
0-0: Ball 1-0: Called Strike 1-1: Swinging Strike 1-2: Ball 2-2: Ball 3-2: Base on Balls Denny Porter scores Vic Rodriguez to third Jim Teller to second
|
|
Batting: RHB David Hall
|
0-0: Foul Ball, location: 2F 0-1: Foul Ball, location: 2F 0-2: Ball 1-2: Ball 2-2: Fly out, F8 (Flyball, 8LD, EV 98.1 MPH)
|
| Bottom of the 8th over - 3 runs, 3 hits, 0 errors, 3 left on base; Managua 6 - Panama City 7 |
| TOP OF THE 9TH |
|
Managua Lagoon Monsters batting - Pitching for Panama City Capitales : RHP Silvio Martinez
|
|
Now at C: Randy Gomez
|
|
|
Now in LF: Gene Gentile
|
|
|
Now in RF: Steve Hammond
|
|
|
Batting: SHB Wallace Johnson
|
0-0: Swinging Strike 0-1: Ball 1-1: SINGLE (Groundball, 6M, EV 105.0 MPH)
|
|
Batting: LHB Tony Ramirez
|
0-0: Foul Ball, location: 2F 0-1: Called Strike 0-2: Ball 1-2: SINGLE (Groundball, 6MD, EV 98.1 MPH) Wallace Johnson to second Runner from 2nd tries for 3rd, SAFE, no throw by CF
|
|
Pitching: RHP Richard Renwick
|
|
|
Now in RF: Carlos Cabrera
|
|
|
Batting: RHB Randy Ready
|
0-0: Ball 1-0: Foul Ball, location: 2F 1-1: Ball 2-1: SINGLE (Groundball, 34, EV 100.0 MPH) Wallace Johnson scores Tony Ramirez to second Runner from 2nd tries for 3rd, SAFE, no throw by RF
|
|
Batting: RHB Marty Castillo
|
0-0: Called Strike 0-1: Ball 1-1: Swinging Strike 1-2: Ball 2-2: Strikes out looking
|
|
Batting: LHB Steven Fortune
|
0-0: Called Strike Randy Ready steals 2nd base (no throw) 0-1: SINGLE (Groundball, 56, EV 90.0 MPH) (infield hit) Tony Ramirez scores Randy Ready to third
|
|
Batting: LHB Jerold Johnston
|
0-0: Fly out, F8 (Flyball, 8RS, EV 86.9 MPH)
|
|
Batting: LHB Miguel Negron
|
0-0: Ball 1-0: Swinging Strike 1-1: Fly out, F8 (Line Drive, 8LD, EV 100.6 MPH)
|
| Top of the 9th over - 2 runs, 4 hits, 0 errors, 2 left on base; Managua 8 - Panama City 7 |
| BOTTOM OF THE 9TH |
|
Panama City Capitales batting - Pitching for Managua Lagoon Monsters : RHP Julio Acevedo
|
|
Batting: LHB Steve Hammond
|
0-0: Ball 1-0: Fly out, F9 (Flyball, 9, EV 88.8 MPH)
|
|
Batting: RHB Pedro Guerrero
|
0-0: Ball 1-0: Called Strike 1-1: Swinging Strike 1-2: Foul Ball, location: 2F 1-2: Ball 2-2: Ground out 4-3 (Groundball, 34, EV 84.4 MPH)
|
|
Batting: LHB Gene Gentile
|
0-0: Ball 1-0: Called Strike 1-1: Ball 2-1: Foul Ball, location: 2F 2-2: Foul Ball, location: 2F 2-2: Foul Ball, location: 2F 2-2: Ground out 4-3 (Groundball, 4, EV 106.9 MPH)
|
| Bottom of the 9th over - 0 runs, 0 hits, 0 errors, 0 left on base; Managua 8 - Panama City 7 |
|